 Dungeon Crawl Stone Soup version 0.17.0-27-g4a3f43e (webtiles) character file.

1724 DeXoteric the Basher (level 9, -1/65 HPs)
             Began as a Formicid Fighter on Nov 21, 2015.
             Was a Believer of Makhleb.
             Slain by a black bear (11 damage)
             ... on level 6 of the Dungeon.
             The game lasted 00:23:44 (7837 turns).

DeXoteric the Basher (Formicid Fighter)             Turns: 7837, Time: 00:23:44

Health: -1/65      AC:  5    Str: 31    XL:     9   Next: 25%
Magic:  6/6        EV:  9    Int: 13    God:    Makhleb [**....]
Gold:   238        SH:  0    Dex: 10    Spells: 0 memorised, 8 levels left

rFire  . . .     SeeInvis +     a - +1 mace "Piqogaeg" {antimagic, Int+5}
rCold  . . .     Clarity  .     k - +1 leather armour of Impatience {Regen+ Str+7}
rNeg   . . .     SustAt   .     c - +0 shield
rPois  .         Gourm    .     (helmet unavailable)
rElec  .         Spirit   .     p - +0 cloak
rCorr  .         Warding  .     (no gloves)
rMut   .         Stasis   +     (no boots)
MR     .....                    (no amulet)
Stlth  ..........               (no ring)
                                q - ring of magical power

@: confused, not resistant to hostile enchantments, extremely unstealthy
A: permanent stasis, dig shafts and tunnels, four strong arms, antennae 3
a: Dig, Shaft Self, Minor Destruction, Renounce Religion


You were on level 6 of the Dungeon.
You worshipped Makhleb.
Makhleb was pleased with you.
You were not hungry.

You visited 2 branches of the dungeon, and saw 7 of its levels.
You also visited: Sewer.

You collected 238 gold pieces.

Inventory:

Hand Weapons
 a - the +1 mace "Piqogaeg" (weapon) {antimagic, Int+5}
   (You found it on level 5 of the Dungeon)

   It disrupts the flow of magical energy around spellcasters and certain
   magical creatures (including the wielder).
   It affects your intelligence (+5).
 x - a +0 flail
Armour
 b - a +0 scale mail
 c - a +0 shield (worn)
 k - the +1 leather armour of Impatience (worn) {Regen+ Str+7}
   (You found it on level 6 of the Dungeon)

   It affects your strength (+7).
   It increases your rate of regeneration.
 p - a +0 cloak (worn)
Jewellery
 q - a ring of magical power (left hand)
Wands
 w - a wand of enslavement (0)
Scrolls
 i - a scroll of magic mapping
 j - a scroll of identify
 r - 3 scrolls of recharging
 s - a scroll of enchant weapon
 t - a scroll of fog {unknown}
 u - 2 scrolls of enchant armour {unknown}
 y - a scroll of fear {unknown}
Potions
 d - 5 potions of might
 f - a potion of flight
 g - 4 potions of curing
 h - 2 potions of degeneration
 l - a potion of brilliance
 m - 2 potions of invisibility
 v - 2 potions of haste
 z - 2 potions of agility {unknown}
 A - a potion of magic {unknown}
 C - 2 potions of poison {unknown}
Comestibles
 e - 4 bread rations
 o - a beef jerky
 B - 3 chunks of flesh


   Skills:
 + Level 3.8 Fighting
 * Level 11.0 Maces & Flails
 - Level 3.2 Armour
 + Level 4.3 Shields


You had 8 spell levels left.
You didn't know any spells.

Dungeon Overview and Level Annotations

Branches:
Dungeon (6/15)             Temple (1/1) D:6

Altars:
Ashenzari
Dithmenos
Fedhas
Gozag
Makhleb
Nemelex Xobeh
Qazlal
Zin

Annotations:
D:4 Acur's ghost, amateur OpAs


Innate Abilities, Weirdness & Mutations

You are under a permanent stasis effect.
You can dig through walls and to a lower floor.
Your four strong arms can wield two-handed weapons with a shield.
You have a pair of large antennae on your head (SInv).


Message History

The black bear goes berserk!
You're too confused to move!
The black bear barely misses you.
The black bear claws you but does no damage.
The black bear claws you.
* * * LOW HITPOINT WARNING * * *
You bump into the rock wall.
The black bear barely misses you. The black bear claws you.
* * * LOW HITPOINT WARNING * * *
The black bear claws you.
* * * LOW HITPOINT WARNING * * *
The black bear bites you!
* * * LOW HITPOINT WARNING * * *
The black bear claws you.
* * * LOW HITPOINT WARNING * * *
The black bear claws you.
* * * LOW HITPOINT WARNING * * *
You hit the black bear.
The black bear is almost dead.
The black bear bites you!
You die...

#.## *,,* #..# *,,*
##.# *,,* ##.## *,,*
**######...######**
*,,*
*,.[.............,*
*,,*
*,######...######<*
*,,* *,* ##.## *,**
*,,** *,* #a#******,,*
*,,,, *,* #h#*,,,***,*
*,*** **,*
#o#,,,,,**,***,* *,,*
#.${.oo..,,,,,,* *,**
###....o.,,,,,,* *,*
*....#.*,,,,,*** *,*
*,#.##,*,*,,,,,* *,*
*,*.#*,*,*,,**,* *,*
********,*,#*,*,*,,**,*


You could see a black bear (berserk) and an orc.

Vanquished Creatures
  Sigmund (D:6)
  Eustachio (D:6)
  An orc warrior (D:6)
  A phantom (D:4)
  An ice beast (D:6)
  A sky beast (D:6)
  An ogre (D:5)
  3 centaurs (D:5)
  Blork the orc (D:6)
  A giant frog (D:6)
  A water moccasin skeleton (D:4)
  A scorpion (D:5)
  4 hounds
  A crimson imp (D:5)
  Crazy Yiuf (D:2)
  3 worker ants
  A hound skeleton (D:4)
  15 adders
  A shadow imp (D:4)
  An ooze (D:1)
  2 worms (D:2)
  6 orcs
  2 ball pythons
  6 bats
  8 giant cockroaches
  6 hobgoblins
  10 jackals
  A quokka (D:2)
  6 giant geckos
  9 giant newts
  8 goblins
  A jackal zombie (D:6)
  14 kobolds
  A quokka skeleton (D:5)
  5 rats
126 creatures vanquished.

Notes
Turn   | Place    | Note
--------------------------------------------------------------
     0 | D:1      | DeXoteric the Formicid Fighter began the quest for the Orb.
     0 | D:1      | Reached XP level 1. HP: 18/18 MP: 1/1
    85 | D:1      | Reached XP level 2. HP: 24/24 MP: 2/2
   910 | D:2      | Reached XP level 3. HP: 25/29 MP: 3/3
  1684 | D:2      | Noticed Crazy Yiuf
  1786 | D:2      | Killed Crazy Yiuf
  1786 | D:2      | Reached skill level 4 in Maces & Flails
  1786 | D:2      | Reached XP level 4. HP: 15/35 MP: 2/4
  2009 | D:2      | Found a faded altar to an unknown god.
  2125 | D:2      | Found a glowing silver altar of Zin.
  2547 | D:2      | Reached XP level 5. HP: 41/41 MP: 5/5
  2781 | D:3      | Found a burning altar of Makhleb.
  2792 | D:3      | Reached skill level 5 in Maces & Flails
  2797 | D:3      | Became a worshipper of Makhleb the Destroyer
  3259 | D:4      | Found a shattered altar of Ashenzari.
  3402 | D:4      | Noticed Acur's ghost (amateur OpAs)
  3439 | D:3      | Reached XP level 6. HP: 35/47 MP: 6/6
  3766 | D:2      | Reached skill level 6 in Maces & Flails
  4140 | D:4      | Reached * piety under Makhleb
  4246 | D:4      | Noticed a phantom
  4289 | D:4      | Killed a phantom
  4289 | D:4      | Reached skill level 7 in Maces & Flails
  4289 | D:4      | Reached XP level 7. HP: 43/52 MP: 7/7
  4415 | D:4      | Found an opulent altar of Gozag.
  4416 | D:4      | Found a sparkling altar of Nemelex Xobeh.
  4547 | D:4      | Found a shadowy altar of Dithmenos.
  4988 | D:5      | Entered Level 5 of the Dungeon
  5334 | D:5      | Reached skill level 8 in Maces & Flails
  5465 | D:5      | Got a crude mace
  5466 | D:5      | Identified the cursed +1 mace "Piqogaeg" {antimagic, Int+5} (You found it on level 5 of the Dungeon)
  5482 | D:5      | Found a stormy altar of Qazlal.
  5486 | D:5      | Found a blossoming altar of Fedhas.
  5618 | D:5      | Reached XP level 8. HP: 18/58 MP: 5/8
  5937 | D:5      | Reached skill level 9 in Maces & Flails
  6221 | D:6      | Noticed Sigmund
  6239 | D:6      | Killed Sigmund
  6299 | D:6      | Found a glowing drain.
  6311 | D:6      | Reached ** piety under Makhleb
  6341 | Sewer    | Entered a sewer
  7376 | D:6      | Noticed Eustachio
  7405 | D:6      | Reached skill level 10 in Maces & Flails
  7513 | D:6      | Killed Eustachio
  7513 | D:6      | Reached XP level 9. HP: 64/64 MP: 6/9
  7575 | D:6      | Got a crude leather armour
  7586 | D:6      | Identified the +1 leather armour of Impatience {Regen+ Str+7} (You found it on level 6 of the Dungeon)
  7644 | D:6      | Noticed Blork the orc
  7678 | D:6      | Killed Blork the orc
  7750 | D:6      | Found a staircase to the Ecumenical Temple.
  7763 | Temple   | Entered the Ecumenical Temple
  7823 | D:6      | Reached skill level 11 in Maces & Flails
  7837 | D:6      | Slain by a black bear

Action                   |  1- 3 |  4- 6 |  7- 9 || total
-------------------------+-------+-------+-------++-------
Melee: Flail             |   115 |   259 |    56 ||   430
       Mace              |       |       |   273 ||   273
  Use: Potion            |     1 |     1 |     4 ||     6
       Scroll            |       |       |    12 ||    12
  Eat: Chunk             |     3 |     8 |     8 ||    19
       Bread ration      |       |       |     1 ||     1
